 Dungeon Crawl Stone Soup version 0.30-a0-719-gcc4359ea44 (webtiles) character file.

Game seed: 15517746896227890295

291587 octoduck the Worldbinder (level 20, -9/124 HPs)
             Began as a Tengu Summoner on Jan 24, 2023.
             Was the Champion of Nemelex Xobeh.
             Mangled by a vampire knight
             ... wielding a +0 great mace
              (27 damage)
             ... on level 1 of the Depths on Jan 26, 2023.
             The game lasted 06:37:39 (72269 turns).

octoduck the Worldbinder (Tengu Summoner)          Turns: 72269, Time: 06:37:40

Health: -9/124     AC: 24    Str: 12    XL:     20   Next: 78%
Magic:  22/34      EV: 26    Int: 32    God:    Nemelex Xobeh [******]
Gold:   3726       SH: 15    Dex: 21    Spells: 1/37 levels left

rFire   + + .      SeeInvis .    X - +3 eveningstar (protect)
rCold   + . .      Faith    .    x - +2 kite shield {AC+3}
rNeg    . . .      Spirit   .    K - +5 steam dragon scales
rPois   .          Reflect  .    R - +2 hat
rElec   +          Harm     .    S - scarf {rC+ rF+}
rCorr   .          Rampage  .    U - +2 pair of gloves {Stlth+}
Will    +....                    (boots unavailable)
Stlth   +++                      M - amulet of Gyefilon {RegenMP rF+ Str+3 Int+4}
HPRegen 0.40/turn                P - +4 ring of protection
MPRegen 0.64/turn                p - ring of the Albatross {rElec Int+6 Dex+4}

@: flying quickly and evasively, studying Long Blades, quick
A: beak, talons 3, nimble flight
}: 2/15 runes: barnacled, gossamer
a: Renounce Religion, Draw Escape, Draw Destruction, Draw Summoning, Draw Stack,
Triple Draw, Deal Four, Stack Five


You were on level 1 of the Depths.
You worshipped Nemelex Xobeh.
Nemelex Xobeh was exalted by your worship.
You visited 8 branches of the dungeon, and saw 35 of its levels.
You also visited: Ossuary, Gauntlet and Ice Cave.

You collected 5965 gold pieces.
You spent 2239 gold pieces at shops.

Inventory:

Hand Weapons
 D - the +2 falchion of Karma {chaos, rC+ Int+3 SInv}
   (You found it on level 5 of the Lair of Beasts)

   Int:       It affects your intelligence (+3).
   rC:        It protects you from cold.
   SInv:      It lets you see invisible.
 X - a +3 eveningstar of protection (weapon)
Missiles
 L - 5 boomerangs of dispersal
Armour
 r - a +0 kite shield of reflection
 x - a +2 kite shield of protection (worn)
 I - a +2 cloak
 K - +5 steam dragon scales (worn)
 R - a +2 hat (worn)
 S - a scarf of resistance (worn)
 U - a +2 pair of gloves of stealth (worn)
Jewellery
 a - a ring of willpower
 p - the ring of the Albatross (right hand) {rElec Int+6 Dex+4}
   (You took it off a deep elf master archer on level 3 of the Elven Halls)

   [ring of intelligence]

   Int:       It affects your intelligence (+6).
   Dex:       It affects your dexterity (+4).
   rElec:     It insulates you from electricity.
 t - the ring of Sean {rC+ Str+6 Int+2}
   (You took it off a deep elf annihilator on level 3 of the Elven Halls)

   [ring of strength]

   Str:       It affects your strength (+6).
   Int:       It affects your intelligence (+2).
   rC:        It protects you from cold.
 E - a ring of protection from cold
 G - a +6 ring of intelligence
 M - the amulet of Gyefilon (around neck) {RegenMP rF+ Str+3 Int+4}
   (You took it off a minotaur in a Gauntlet)

   [amulet of magic regeneration]

   It increases your rate of magic regeneration.
   Str:       It affects your strength (+3).
   Int:       It affects your intelligence (+4).
   rF:        It protects you from fire.
 O - a ring of resist corrosion
 P - a +4 ring of protection (left hand)
 Q - a ring of ice
 Y - a ring of protection from cold
Wands
 l - a wand of light (8)
 n - a wand of digging (12)
 A - a wand of flame (103)
 B - a wand of roots (20)
 H - a wand of polymorph (14)
Scrolls
 e - 5 scrolls of fog
 i - 3 scrolls of brand weapon
 k - a scroll of silence
 s - 4 scrolls of magic mapping
 v - 6 scrolls of fear
 y - 11 scrolls of teleportation
 z - 2 scrolls of blinking
 C - a scroll of amnesia
 N - a scroll of summoning
 T - 5 scrolls of enchant weapon
 Z - 15 scrolls of identify
Potions
 b - 6 potions of magic
 c - a potion of heal wounds
 d - 12 potions of lignification
 f - 9 potions of brilliance
 g - 5 potions of might
 h - 2 potions of resistance
 j - 6 potions of haste
 m - 3 potions of cancellation
 q - 11 potions of curing
 u - a potion of invisibility
 w - 8 potions of ambrosia
 J - 2 potions of berserk rage
Miscellaneous
 F - a lightning rod (4/4)
 V - a box of beasts
 W - a phantom mirror


   Skills:
 - Level 12.6 Fighting
 - Level 5.1 Polearms
 + Level 9.7 Armour
 - Level 13.9 Dodging
 - Level 2.0 Stealth
 - Level 12.1 Shields
 - Level 9.2 Spellcasting
 - Level 3.0 Conjurations
 - Level 22.5 Summonings
 + Level 10.2 Translocations
 - Level 8.0 Ice Magic
 - Level 11.2 Air Magic
 - Level 11.0 Invocations


You had one spell level left.
You knew the following spells:

 Your Spells              Type           Power      Damage    Failure   Level
a - Malign Gateway        Summ/Tloc      44%        N/A       7%          7
b - Summon Horrible Thin  Summ           51%        N/A       4%          8
c - Summon Cactus Giant   Summ           51%        N/A       1%          6
d - Summon Lightning Spi  Summ/Air       89%        N/A       1%          4
e - Monstrous Menagerie   Summ           51%        N/A       1%          7
f - Passage of Golubria   Tloc           69%        N/A       1%          4

Your spell library contained the following spells:

 Spells                   Type           Power      Damage    Failure   Level
 Summon Small Mammal      Summ           100%       N/A       0%          1
 Apportation              Tloc           100%       N/A       1%          1
 Magic Dart               Conj           100%       1d8       1%          1
 Call Imp                 Summ           100%       N/A       0%          2
 Call Canine Familiar     Summ           100%       N/A       0%          3
 Blink                    Tloc           100%       N/A       1%          2
 Ensorcelled Hibernation  Hex/Ice        80%        N/A       1%          2
 Lesser Beckoning         Tloc           100%       N/A       1%          2
 Momentum Strike          Conj/Tloc      100%       3d10      1%          2
 Static Discharge         Conj/Air       100%       2-7/arc   1%          2
 Frozen Ramparts          Ice            100%       1d16      1%          3
 Gell's Gravitas          Tloc           69%        N/A       1%          3
 Ozocubu's Armour         Ice            60%        N/A       1%          3
 Summon Guardian Golem    Hex/Summ       72%        N/A       1%          3
 Swiftness                Air            72%        N/A       1%          3
 Teleport Other           Tloc           69%        N/A       1%          3
 Vhi's Electric Charge    Tloc/Air       100%       N/A       1%          3
 Airstrike                Air            36%        2d(6-22)  1%          4
 Animate Armour           Summ/Erth      100%       N/A       1%          4
 Summon Ice Beast         Ice/Summ       85%        N/A       1%          4
 Summon Forest            Summ/Tloc      44%        N/A       1%          5
 Summon Mana Viper        Hex/Summ       72%        N/A       1%          5
 Mephitic Cloud           Conj/Pois/Air  45%        N/A       2%          3
 Passwall                 Tmut/Erth      11%        N/A       10%         2
 Sublimation of Blood     Necr           14%        N/A       10%         2
 Arcjolt                  Conj/Air       28%        1d38      10%         5
 Lightning Bolt           Conj/Air       28%        1d45      10%         5
 Dazzling Flash           Conj/Hex       48%        N/A       11%         3
 Stone Arrow              Conj/Erth      48%        3d10      11%         3
 Ice Form                 Ice/Tmut       40%        N/A       13%         4
 Silence                  Hex/Air        25%        N/A       19%         5
 Spider Form              Tmut/Pois      14%        N/A       21%         3
 Metabolic Englaciation   Hex/Ice        20%        N/A       34%         5
 Anguish                  Hex/Necr       7%         N/A       54%         4
 Petrify                  Tmut/Erth      14%        N/A       54%         4
 Irradiate                Conj/Tmut      12%        3d15      67%         5
 Agony                    Necr           14%        N/A       88%         5
 Alistair's Intoxication  Tmut/Pois      9%         N/A       88%         5
 Simulacrum               Ice/Necr       20%        N/A       89%         6
 Ozocubu's Refrigeration  Ice            30%        4d14      90%         7
 Lehudib's Crystal Spear  Conj/Erth      12%        10d4      100%        8


Dungeon Overview and Level Annotations

Branches:
Dungeon (15/15) Temple (1/1) D:4 Lair (5/5) D:10 Shoals (4/4) Lair:3 Spider (4/4) Lair:2 Slime (0/5) Lair:5 Orc (2/2) D:11 Elf (3/3) Orc:2 Vaults (0/5) D:13 D:14 Depths (1/4) D:15 Ossuary (visited) IceCv (visited) Gauntlet (visited)

Altars:
Ashenzari
Cheibriados
Dithmenos
Elyvilon
Fedhas
Gozag
Hepliaklqana
Kikubaaqudgha
Makhleb
Nemelex Xobeh
Okawaru
Qazlal
Ru
Sif Muna
Trog
Uskayaw
Vehumet
Wu Jian
Xom
Yredelemnul
Zin
The Shining One
Jiyva

Shops:
D:4 *   D:9 !   D:15 *   Orc:2 :**=   Elf:2 !   Elf:3 ?   Shoals:1 !

Portals:
Abyss: D:5
Pandemonium: Depths:1

Annotations:
D:6 2 transporters, Menkaure
D:12 2 transporters, Nosaj's ghost, journeyman HuWn
D:13 2 transporters, wormed's ghost, journeyman GnWn
D:14 Louise
Spider:1 Nikola
Elf:2 5 runed translucent doors


Innate Abilities, Weirdness & Mutations

You have a beak for a mouth.
You have claws for feet.
Your magical nature lets you fly swiftly and evasively.


Message History

You hear some strange, mumbled words.
Your eldritch tentacle slaps the vampire mage!!
Your eldritch tentacle freezes the vampire mage!!
The vampire mage resists.
The vampire mage is destroyed!
The spriggan air mage hits you but does no damage.
The deep elf death mage beckons forth a restless soul!
Your eldritch tentacle barely misses the spriggan air mage.
Your eldritch tentacle completely misses the spriggan air mage.
The spriggan air mage hits you.
Your eldritch tentacle misses the spriggan air mage.
Your eldritch tentacle barely misses the spriggan air mage.
The spriggan air mage hits you but does no damage.
You can move again.
Your eldritch tentacle barely misses the spriggan air mage.
Your eldritch tentacle claws the spriggan air mage!!
Your eldritch tentacle shocks the spriggan air mage!!
The lost soul assumes the form of the spriggan air mage and becomes anchored to this world!
You block something's attack. Something bites you but does no damage.
Your large abomination hits the ghostly spriggan air mage!!!
The ghostly spriggan air mage hits your large abomination!
Your eldritch tentacle barely misses the ghostly spriggan air mage.
Your eldritch tentacle claws the ghostly spriggan air mage!!
The ghostly spriggan air mage is destroyed!
You hear a shout!
Items here: ! ) [ †.
What are your orders? t - Shout!
Orders for allies: a - Attack new target. r - Retreat! s - Stop attacking. g - Guard the area. f - Follow me.
Anything else - Cancel.
Gang up on whom?
Press: ? - help, Dir - move target, f - deep elf death mage
Aim: a deep elf death mage, wielding a +0 short sword and wearing a +0 leather armour (ally target) Attack!
Something hits you!!
* * * LOW HITPOINT WARNING * * *
You block something's attack. Something hits you!!
You die...
Your body glows with a rainbow of weird colours and disappears.

.# #.# #.##........#§ .# #.#
#.#...........#..
.###############.............# ..
...................#.........##..
....................)..........##
..................w.........#....
................)[.Xe............
.........)......X.[.)............
\........)......@................
..............)..................
...................).............
..[..............................
.................................
.........................*.......
.......###....###................
.......#.###'##∩#........\.......
.......##'....'##.........\w.....


You could see a deep elf death mage (ally target), a friendly eldritch tentacle
and 2 friendly large abominations.

Vanquished Creatures
  Rupert (D:13)
  A sphinx (IceCv)
  An emperor scorpion (Spider:1)
  3 ghost moths
  A quicksilver ooze (Elf:3)
  3 deep elf demonologists (Elf:3)
  Josephine (Lair:4)
  2 centaur warriors
  A boulder beetle (D:15)
  A catoblepas (Lair:1)
  A satyr (Shoals:4)
  4 death scarabs (Spider:4)
  4 death yaks
  2 pharaoh ants
  A skeletal warrior (D:9)
  2 wizards
  Pikel (D:6)
  A deep elf pyromancer (Elf:2)
  2 orc knights
  2 orc sorcerers
  4 wolf spiders
  2 ugly things (D:15)
  A moth of wrath (Spider:3)
  A cyclops (D:11)
  5 elephants
  A demonic crawler (Spider:3)
  A guardian serpent (Spider:1)
  Maggie (Lair:1)
  5 cane toads
  A tengu conjurer (D:15)
  A nameless horror (D:13)
  An ice devil (Depths:1)
  2 trolls (D:12)
  A merfolk (Shoals:1)
  7 polar bears (IceCv)
  A tarantella (Spider:1)
  A hornet (D:14)
  A meliai (Spider:4)
  A spectral tarantella (Spider:4)
  12 blink frogs
  4 culicivoras
  A culicivora (shapeshifter) (D:13)
  9 jumping spiders
  A centaur simulacrum (D:15)
  3 water elementals
  11 humans
  2 wraiths (D:13)
  A hog (D:13)
  22 yaks
  2 basilisks
  A steam dragon (Lair:3)
  5 redbacks
  3 vampire mosquitoes
  An acid dragon (D:10)
  6 water moccasins
  A naga (Lair:3)
  10 orc warriors
  A floating eye (Spider:1)
  5 wolves
  6 centaurs
  7 bullfrogs
  A gnoll sergeant (D:7)
  A necrophage (D:7)
  2 killer bees (D:9)
  An electric eel (Spider:3)
  A howler monkey (D:8)
  A hound (D:4)
  2 human zombies (Ossuary)
  3 orc priests
  An iguana (D:6)
  2 hell rats (Lair:5)
  4 orc wizards
  A hound zombie (Ossuary)
  A boggart simulacrum (D:12)
  A mummy (D:4)
  5 gnolls
  An adder (D:2)
  4 white imps
  2 ufetubi (D:4)
  2 worms
  19 orcs
  A ball python (D:2)
  An endoplasm (D:4)
  A giant cockroach (D:2)
  6 goblins
  3 hobgoblins (D:1)
  6 kobolds
  3 quokkas
  A bat (D:3)
  2 frilled lizards
  A hobgoblin zombie (Ossuary)
  A quokka zombie (Ossuary)
  A rat (D:1)
  A rat zombie (Ossuary)
270 creatures vanquished.

Vanquished Creatures (collateral kills)
  Frederick (Depths:1)
  Jorgrun (Elf:1)
  Asterion (Depths:1)
  2 deep elf blademasters (Elf:3)
  2 deep elf master archers (Elf:3)
  A kraken (Shoals:3)
  Gastronok (D:10)
  Kirke (D:13)
  Donald (Spider:1)
  An azure jelly (Elf:3)
  2 fire giants (Depths:1)
  3 deep elf sorcerers
  3 frost giants
  A ghost moth (Spider:2)
  4 emperor scorpions
  3 deep elf elementalists (Elf:3)
  A reaper (Depths:1)
  A vampire knight (Depths:1)
  2 stone giants (Depths:1)
  5 very ugly things (Depths:1)
  The ghost of avis the Spry, a journeyman DgHu (Shoals:1)
  A dire elephant (Gauntlet)
  2 deep elf demonologists (Elf:3)
  8 spark wasps
  4 deep elf annihilators (Elf:3)
  A minotaur (Gauntlet)
  3 deep elf death magi
  3 ettins
  2 fire dragons
  Snorg (Orc:1)
  A green death (Depths:1)
  7 merfolk javelineers
  A deep elf high priest (Elf:3)
  13 merfolk impalers
  A rakshasa (D:13)
  6 entropy weavers
  6 ice dragons
  4 hydras
  A spriggan air mage (Depths:1)
  5 jorogumos
  7 centaur warriors
  5 merfolk avatars
  2 alligator snapping turtles (Shoals:4)
  5 boulder beetles
  3 ogre magi (Depths:1)
  4 radroaches
  2 satyrs
  A death yak (Elf:3)
  A deep troll shaman (Depths:1)
  9 dancing weapons
  6 tengu warriors
  5 two-headed ogres
  3 death scarabs (Spider:4)
  6 merfolk aquamancers (Shoals:4)
  2 vampire magi (Depths:1)
  A soul eater (Depths:1)
  A sun demon (Depths:1)
  The ghost of OTABOTABOTAB the Destroyer, a journeyman DECj of Sif Muna (D:10)
  5 deep elf knights
  2 sun moths (Spider:4)
  6 pharaoh ants
  A sixfirhy (Depths:1)
  7 skeletal warriors
  A goliath frog (Lair:5)
  A death drake (Spider:4)
  11 sea snakes
  14 orb spiders
  5 deep elf archers
  2 spectral wolf spiders (Spider:4)
  A spectral jorogumo (Spider:4)
  A necromancer (D:15)
  6 wizards
  15 deep elf pyromancers
  13 harpies
  8 steelbarb worms
  21 wolf spiders
  5 orc knights
  A wolf spider zombie (Spider:4)
  An orc sorcerer (Orc:2)
  12 ugly things
  3 cyclopes
  5 fauns
  17 manticores
  16 deep elf zephyrmancers
  4 moths of wrath
  A naga mage (D:15)
  An ice statue (IceCv)
  6 elephants
  2 demonic crawlers
  3 torpor snails
  11 cane toads
  2 black mambas
  6 merfolk sirens
  10 water nymphs
  A gargoyle (D:12)
  A centaur skeleton (D:15)
  An unseen horror (D:13)
  2 spectral redbacks (Spider:4)
  A minotaur zombie (Gauntlet)
  5 komodo dragons
  2 redback zombies (D:15)
  An ancient zyme (D:5)
  3 rime drakes
  4 tengu conjurers
  Psyche (D:10)
  2 meliai (Spider:4)
  The ghost of baller8008 the Chopper, an amateur MiBe of Trog (D:5)
  5 harpy zombies (Shoals:2)
  An ice devil (Gauntlet)
  34 merfolk
  5 trolls
  3 spectral tarantellas (Spider:4)
  3 tyrant leeches (Lair:5)
  9 polar bears
  A culicivora zombie (Spider:4)
  A spectral culicivora (Spider:4)
  22 tarantellas
  A hornet (D:11)
  10 wind drakes
  Grinder (D:6)
  17 blink frogs
  A tarantella zombie (Spider:4)
  A spectral jumping spider (Spider:4)
  31 jumping spiders
  A dream sheep (D:9)
  2 slime creatures (D:13)
  11 snapping turtles
  11 water elementals
  A spriggan (D:11)
  2 air elementals
  19 culicivoras
  42 yaks
  2 wyverns
  A basilisk (Lair:1)
  2 fire elementals
  3 hogs (D:13)
  5 humans (D:13)
  2 steam dragons
  A golden eye (D:11)
  A hog (shapeshifter) (D:15)
  7 wraiths
  4 vampire mosquitoes
  51 redbacks
  2 small abominations (D:5)
  3 wargs
  2 acid dragons
  10 water moccasins
  A sky beast (D:7)
  27 orc warriors
  An ice beast (D:7)
  5 ogres
  4 black bears
  2 manticore zombies (Shoals:2)
  2 boggarts
  A wolf (shapeshifter) (Lair:3)
  15 wolves
  13 centaurs
  3 lemures (D:6)
  6 kobold brigands
  A phantom (D:6)
  2 elf zombies (Ossuary)
  2 necrophages (D:4)
  8 bullfrogs
  A gnoll sergeant (D:13)
  2 scorpions
  4 wights (D:7)
  10 killer bees (D:9)
  A howler monkey (D:5)
  4 nameless horrors
  4 electric eels
  A centaur zombie (Ossuary)
  A human zombie (Ossuary)
  4 hounds
  7 orc priests
  3 gnoll boudas
  An iron imp (D:5)
  2 iguanas
  10 orc wizards
  4 hell rats (Lair:5)
  2 hound zombies (Ossuary)
  3 mummies (Ossuary)
  17 gnolls
  8 adders
  2 shadow imps
  10 white imps
  An ufetubus (D:6)
  A worm (D:3)
  4 dart slugs
  42 orcs
  2 bats
  A bat zombie (Shoals:2)
  6 endoplasms
  2 giant cockroaches
  7 goblins
  3 hobgoblins
  4 quokkas
  8 ball pythons
  5 frilled lizards
  A gnoll zombie (Ossuary)
  4 goblin zombies
  2 hobgoblin zombies
  7 jackal zombies (Ossuary)
  27 kobolds
  3 kobold zombies (Ossuary)
  An orc zombie (Ossuary)
  A quokka zombie (Ossuary)
  3 rats
  4 rat zombies (Ossuary)
  2 bushes (Shoals:1)
  A tentacle (Shoals:3)
1090 creatures vanquished.

Vanquished Creatures (others)
  7 eldritch tentacles
  A wizard (Depths:1)
  A manticore (Shoals:4)
  A water elemental (Shoals:4)
  A yak (Lair:4)
  A wolf (Lair:3)
  A bullfrog (Lair:3)
  A howler monkey (Lair:3)
  A river rat (Lair:3)
  70 fungi
  150 plants
  4 tentacles (Shoals:3)
239 creatures vanquished.

Grand Total: 1599 creatures vanquished

Notes
Turn   | Place    | Note
-------+----------+-------------------------------------------
     0 | D:1      | octoduck the Tengu Summoner began the quest for the Orb.
     0 | D:1      | Reached XP level 1. HP: 10/10 MP: 4/4
    40 | D:1      | Reached skill level 5 in Summonings
   137 | D:1      | Reached XP level 2. HP: 13/15 MP: 3/6
   383 | D:1      | Learned a level 2 spell: Call Imp
   567 | D:1      | Reached XP level 3. HP: 19/19 MP: 3/7
   580 | D:1      | Learned a level 3 spell: Call Canine Familiar
   621 | D:1      | Reached skill level 6 in Summonings
   902 | D:2      | Found a faded altar of an unknown god.
  1117 | D:2      | Found a sparkling altar of Nemelex Xobeh.
  1143 | D:2      | Became a worshipper of Nemelex Xobeh the Trickster
  1343 | D:2      | Reached XP level 4. HP: 11/24 MP: 4/8
  1528 | D:2      | Reached skill level 7 in Summonings
  1691 | D:2      | Gained mutation: Your magical nature lets you fly swiftly
                  | and evasively. [Tengu growth]
  1691 | D:2      | Reached XP level 5. HP: 28/28 MP: 7/9
  2667 | D:3      | Reached skill level 8 in Summonings
  3200 | D:3      | Reached XP level 6. HP: 32/32 MP: 10/10
  3247 | D:3      | Found a shadowy altar of Dithmenos.
  3345 | D:4      | Reached skill level 9 in Summonings
  3358 | D:4      | Found a sand-covered staircase.
  3370 | Ossuary  | Entered an ossuary
  3550 | Ossuary  | Reached XP level 7. HP: 36/36 MP: 11/11
  3568 | Ossuary  | Learned a level 4 spell: Summon Lightning Spire
  3613 | Ossuary  | Reached skill level 1 in Air Magic
  3735 | Ossuary  | Reached skill level 10 in Summonings
  4052 | D:4      | Reached * piety under Nemelex Xobeh
  4328 | D:4      | Reached XP level 8. HP: 41/41 MP: 12/12
  4380 | D:4      | Found a shimmering blue altar of Sif Muna.
  4392 | D:4      | Found Gozag's Platinum Reserve.
  4396 | D:4      | Found an opulent altar of Gozag.
  4449 | D:4      | Found a staircase to the Ecumenical Temple.
  4458 | Temple   | Entered the Ecumenical Temple
  4829 | D:5      | Entered Level 5 of the Dungeon
  4852 | D:5      | Received a gift from Nemelex Xobeh
  4931 | D:5      | Reached skill level 5 in Air Magic
  4938 | D:5      | Reached skill level 11 in Summonings
  5032 | D:5      | Found a transporter.
  5036 | D:5      | Noticed an ancient zyme
  5397 | D:5      | Found a bloodstained altar of Trog.
  5397 | D:5      | Found an iron altar of Okawaru.
  5482 | D:5      | Found a transporter.
  5490 | D:5      | Found a one-way gate to the infinite horrors of the Abyss.
  5509 | D:5      | Noticed baller8008's ghost (amateur MiBe)
  5883 | D:6      | Reached ** piety under Nemelex Xobeh
  5914 | D:6      | Noticed a vampire
  5916 | D:6      | Found a basalt altar of Yredelemnul.
  5919 | D:6      | Noticed Menkaure
  5937 | D:6      | Found an ancient bone altar of Kikubaaqudgha.
  5943 | D:6      | Noticed a wraith
  5951 | D:6      | Found a transporter.
  5980 | D:6      | Noticed Pikel
  6006 | D:6      | Found a transporter.
  6018 | D:6      | Killed Pikel
  6019 | D:6      | Reached skill level 12 in Summonings
  6019 | D:6      | Reached XP level 9. HP: 45/45 MP: 7/13
  6159 | D:6      | Noticed Grinder
  6270 | D:6      | Killed Grinder
  6401 | D:6      | Found a stormy altar of Qazlal.
  6402 | D:6      | Found a hazy altar of Hepliaklqana.
  6408 | D:6      | Found a shimmering altar of Xom.
  6410 | D:6      | Found a burning altar of Makhleb.
  6630 | D:6      | Identified the +1 sling "Nipot" {heavy, Str+3}
  7068 | D:7      | Reached skill level 5 in Dodging
  7338 | D:7      | Received a gift from Nemelex Xobeh
  7440 | D:7      | Reached skill level 1 in Invocations
  7594 | D:7      | Reached XP level 10. HP: 36/50 MP: 12/14
  7748 | D:7      | Found a white marble altar of Elyvilon.
  8028 | D:8      | Found a hide-covered altar of Uskayaw.
  8038 | D:8      | Reached *** piety under Nemelex Xobeh
  8241 | D:8      | Noticed a two-headed ogre
  8250 | D:8      | Killed a two-headed ogre
  8456 | D:8      | Received a gift from Nemelex Xobeh
  8867 | D:9      | Found Zimeraoq's Distillery.
  8882 | D:9      | Bought a potion of heal wounds for 60 gold pieces
  8882 | D:9      | Bought a potion of heal wounds for 60 gold pieces
  8882 | D:9      | Bought 2 potions of might for 96 gold pieces
  8882 | D:9      | Bought a potion of invisibility for 96 gold pieces
  9258 | D:9      | Reached **** piety under Nemelex Xobeh
  9490 | D:9      | Noticed a skeletal warrior
  9542 | D:9      | Killed a skeletal warrior
  9667 | D:9      | Noticed a skeletal warrior
  9667 | D:9      | Noticed a skeletal warrior
  9704 | D:9      | Killed a skeletal warrior
  9705 | D:9      | Reached skill level 10 in Dodging
  9705 | D:9      | Reached skill level 5 in Invocations
  9705 | D:9      | Reached XP level 11. HP: 54/54 MP: 12/15
 10184 | D:9      | Received a gift from Nemelex Xobeh
 10239 | D:9      | Noticed a two-headed ogre
 10260 | D:9      | Killed a two-headed ogre
 10416 | D:9      | Noticed a skeletal warrior
 10819 | D:10     | Entered Level 10 of the Dungeon
 10863 | D:10     | Noticed a two-headed ogre
 10871 | D:10     | Killed a two-headed ogre
 11091 | D:10     | Found an ornate altar of the Wu Jian Council.
 11142 | D:10     | Noticed Psyche
 11157 | D:10     | Killed Psyche
 11342 | D:10     | Found a staircase to the Lair.
 11417 | D:10     | Noticed OTABOTABOTAB's ghost (journeyman DECj)
 11451 | D:10     | Found a runed translucent door.
 11563 | D:10     | Learned a level 3 spell: Vhi's Electric Charge
 11668 | D:10     | Received a gift from Nemelex Xobeh
 11715 | D:10     | Reached skill level 1 in Fighting
 12046 | D:10     | Reached ***** piety under Nemelex Xobeh
 12159 | Lair:1   | Entered Level 1 of the Lair of Beasts
 12172 | Lair:1   | Learned a level 4 spell: Summon Ice Beast
 12250 | Lair:1   | Noticed Maggie
 12652 | Lair:1   | Reached skill level 1 in Ice Magic
 12854 | Lair:1   | Reached XP level 12. HP: 45/64 MP: 11/18
 13001 | Lair:1   | Noticed a catoblepas
 13018 | Lair:1   | Killed a catoblepas
 13397 | Lair:1   | Received a gift from Nemelex Xobeh
 13507 | Lair:1   | Killed Maggie
 13723 | Lair:2   | Found a hole to the Spider Nest.
 13952 | Lair:2   | Reached skill level 5 in Fighting
 15141 | Lair:3   | Received a gift from Nemelex Xobeh
 15507 | Lair:3   | Reached skill level 5 in Ice Magic
 15683 | Lair:3   | Noticed a five-headed hydra
 15693 | Lair:3   | Killed a five-headed hydra
 16159 | Lair:3   | Received a gift from Nemelex Xobeh
 16229 | Lair:3   | Found a staircase to the Shoals.
 16590 | Lair:4   | Noticed a six-headed hydra
 16632 | Lair:3   | Reached XP level 13. HP: 35/76 MP: 8/20
 16771 | Lair:4   | Found a frozen archway.
 16899 | IceCv    | Entered an ice cave
 17908 | IceCv    | Received a gift from Nemelex Xobeh
 18377 | IceCv    | Reached skill level 10 in Invocations
 18526 | IceCv    | Noticed a frost giant
 18568 | IceCv    | a frost giant changed into a sphinx
 18568 | IceCv    | Noticed a sphinx
 18569 | IceCv    | Killed a sphinx
 18820 | IceCv    | HP: 1/79 [polar bear (19)]
 19265 | Lair:3   | Upgraded the game from 0.30-a0-715-gdb4ae3ece1 to
                  | 0.30-a0-718-geaa24f58ff
 20225 | Lair:4   | Received a gift from Nemelex Xobeh
 20590 | Lair:4   | Found a hide-covered altar of Uskayaw.
 20606 | Lair:4   | Found an ornate altar of the Wu Jian Council.
 20640 | Lair:4   | Reached XP level 14. HP: 73/86 MP: 8/23
 21036 | Lair:4   | Received a gift from Nemelex Xobeh
 21375 | Lair:5   | Entered Level 5 of the Lair of Beasts
 21415 | Lair:5   | Reached skill level 1 in Polearms
 21628 | Lair:5   | Noticed Josephine
 22043 | Lair:5   | Reached skill level 10 in Fighting
 22207 | Lair:5   | Identified the +4 falchion "Duamal" {antimagic, rF+ rCorr}
 22647 | Lair:5   | Reached skill level 5 in Polearms
 22696 | Lair:5   | Learned a level 3 spell: Vhi's Electric Charge
 23467 | Lair:4   | Killed Josephine
 23618 | Lair:5   | Reached skill level 10 in Air Magic
 23716 | Lair:5   | Found a viscous altar of Jiyva.
 23718 | Lair:5   | Found a staircase to the Slime Pits.
 23775 | Lair:5   | Received a gift from Nemelex Xobeh
 23799 | Lair:5   | Identified the +2 falchion of Karma {chaos, rC+ Int+3 SInv}
 23823 | Lair:5   | Reached ****** piety under Nemelex Xobeh
 24180 | Lair:5   | Identified the +4 quarterstaff of Duxtix {elec, rF+ Dex+3}
 24190 | Lair:5   | Identified the +0 leather armour of Failiyqapu {Rampage
                  | rF++}
 24195 | Lair:5   | Identified the +3 scale mail of Lethargy {rN+ Dex+3 Slay+3}
 25036 | D:10     | Killed OTABOTABOTAB's ghost
 25456 | D:5      | Killed baller8008's ghost
 25795 | D:11     | Noticed Gastronok
 26063 | D:11     | Noticed Maurice
 26136 | D:11     | Received a gift from Nemelex Xobeh
 26690 | D:11     | Maurice changed into Maurice the boggart
 26690 | D:11     | Noticed Maurice
 26699 | D:11     | Killed Maurice the boggart
 27191 | D:11     | Found a staircase to the Orcish Mines.
 27328 | D:11     | Identified a scroll of acquirement
 27328 | D:11     | Acquired a Grand Grimoire
 27343 | D:12     | Identified the +5 chain mail "Emehibla" {rElec Will+}
 27378 | D:12     | Reached skill level 13 in Summonings
 27519 | Orc:1    | Entered Level 1 of the Orcish Mines
 27873 | Orc:2    | Entered Level 2 of the Orcish Mines
 27979 | Orc:2    | Found a staircase to the Elven Halls.
 27991 | Orc:2    | Received a gift from Nemelex Xobeh
 28548 | Orc:2    | Reached XP level 15. HP: 89/96 MP: 15/24
 29451 | Orc:2    | Found Xauqadav's General Store.
 29451 | Orc:2    | Found Sujiog's General Store.
 29451 | Orc:2    | Found Deyteh's Book Shop.
 29469 | Orc:2    | Found Ysiros's Jewellery Shoppe.
 29501 | Orc:2    | Bought a scroll of blinking for 105 gold pieces
 29501 | Orc:2    | Bought a potion of heal wounds for 70 gold pieces
 29520 | Orc:2    | Bought a book of Beasts for 456 gold pieces
 29524 | Orc:2    | Bought a book of the Wilderness for 494 gold pieces
 29600 | Orc:1    | Reached skill level 14 in Summonings
 29719 | Orc:1    | Noticed Snorg
 29893 | Orc:1    | Killed Snorg
 30159 | Orc:1    | Received a gift from Nemelex Xobeh
 30438 | D:11     | Learned a level 6 spell: Summon Cactus Giant
 30501 | Orc:2    | Bought a +6 ring of intelligence for 576 gold pieces
 30600 | D:12     | Found a transporter.
 30601 | D:12     | Noticed a sphinx
 30602 | D:12     | Noticed Nosaj's ghost (journeyman HuWn)
 30890 | D:12     | Received a gift from Nemelex Xobeh
 30933 | D:12     | Found a broken altar of Ashenzari.
 30952 | D:12     | Found a transporter.
 31451 | D:13     | Noticed Kirke
 31506 | D:13     | Killed Kirke
 31880 | D:13     | Found a transporter.
 32278 | D:13     | Reached skill level 15 in Summonings
 32565 | D:13     | Reached skill level 5 in Spellcasting
 32841 | D:13     | Noticed wormed's ghost (journeyman GnWn)
 32844 | D:13     | Found a transporter.
 32984 | D:13     | Received a gift from Nemelex Xobeh
 33428 | D:13     | Learned a level 7 spell: Monstrous Menagerie
 33429 | D:14     | Noticed Rupert
 33429 | D:14     | Found a gate to the Vaults.
 33660 | D:14     | Noticed Louise
 33672 | D:13     | Killed Rupert
 34393 | D:14     | Received a gift from Nemelex Xobeh
 35155 | D:15     | Entered Level 15 of the Dungeon
 35172 | D:15     | Found Dynig's Overcharged Wands.
 35192 | D:15     | Reached skill level 16 in Summonings
 35352 | D:15     | Reached XP level 16. HP: 84/103 MP: 20/26
 35365 | D:15     | Found a gate leading to a gauntlet.
 35371 | Gauntlet | Entered a Gauntlet
 35371 | Gauntlet | Found a transporter.
 35371 | Gauntlet | Found a transporter.
 35408 | Gauntlet | Found a transporter.
 35416 | Gauntlet | Found a transporter.
 35432 | Gauntlet | Found a transporter.
 35434 | Gauntlet | Found a large runed translucent door.
 35435 | Gauntlet | Found a large runed translucent door.
 35436 | Gauntlet | Found a large runed translucent door.
 35436 | Gauntlet | Found a large runed translucent door.
 35448 | Gauntlet | Found a transporter.
 35459 | Gauntlet | Received a gift from Nemelex Xobeh
 35461 | Gauntlet | Found a transporter.
 35477 | Gauntlet | Found a transporter.
 35491 | Gauntlet | Found a large runed translucent door.
 35544 | Gauntlet | Found a transporter.
 35546 | Gauntlet | Found a large runed translucent door.
 35547 | Gauntlet | Found a large runed translucent door.
 35548 | Gauntlet | Found a large runed translucent door.
 35548 | Gauntlet | Found a large runed translucent door.
 35548 | Gauntlet | Found a runed translucent door.
 35548 | Gauntlet | Found a runed translucent door.
 35549 | Gauntlet | Found a large runed translucent door.
 35549 | Gauntlet | Found a transporter.
 35559 | Gauntlet | Found a large runed translucent door.
 35560 | Gauntlet | Found a large runed translucent door.
 35561 | Gauntlet | Found a large runed translucent door.
 35562 | Gauntlet | Found a runed translucent gate.
 35566 | Gauntlet | Found a transporter.
 35574 | Gauntlet | Found a transporter.
 35579 | Gauntlet | Found a transporter.
 35606 | Gauntlet | Found a transporter.
 35654 | Gauntlet | Found a transporter.
 35668 | Gauntlet | Found a transporter.
 35763 | Gauntlet | Found a runed translucent gate.
 35763 | Gauntlet | Found a runed translucent gate.
 35958 | Gauntlet | Found a large runed translucent door.
 35959 | Gauntlet | Found a large runed translucent door.
 35960 | Gauntlet | Found a large runed translucent door.
 36021 | Gauntlet | Identified the ring "Gyirphicle" {Fire rCorr Str+2}
 36202 | Gauntlet | Identified the +6 plate armour of Asuynam {*Corrode rN+
                  | Str+5}
 36202 | Gauntlet | Identified the amulet of Gyefilon {RegenMP rF+ Str+3 Int+4}
 36954 | Orc:2    | Bought a scroll of blinking for 90 gold pieces
 37133 | Shoals:1 | Entered Level 1 of the Shoals
 37401 | Shoals:1 | Received a gift from Nemelex Xobeh
 37482 | Shoals:1 | Found a runed translucent door.
 37483 | Shoals:1 | Noticed avis's ghost (journeyman DgHu)
 37687 | Shoals:1 | Found Xaefeokk's Distillery.
 37690 | Shoals:1 | Received a gift from Nemelex Xobeh
 37869 | Shoals:1 | Received a gift from Nemelex Xobeh
 38552 | Shoals:1 | Reached skill level 17 in Summonings
 38959 | Shoals:1 | Killed avis's ghost
 38970 | Shoals:1 | Identified the +4 battleaxe "Foucve" {antimagic, Str+7}
 39767 | Shoals:1 | Reached skill level 1 in Shields
 40062 | Shoals:1 | Identified the +1 animal skin "Mufuk" {Stlth+}
 40697 | Shoals:2 | Received a gift from Nemelex Xobeh
 41398 | Shoals:2 | Reached skill level 5 in Shields
 43711 | Shoals:3 | Reached XP level 17. HP: 88/108 MP: 18/27
 43945 | Shoals:3 | Received a gift from Nemelex Xobeh
 44327 | Shoals:3 | Noticed a kraken
 45162 | Shoals:4 | Entered Level 4 of the Shoals
 45188 | Shoals:4 | Reached skill level 10 in Shields
 46126 | Shoals:2 | Acquired 447 gold pieces
 47671 | Shoals:3 | Killed a kraken
 48411 | Shoals:4 | Received a gift from Nemelex Xobeh
 50476 | Shoals:4 | Got a barnacled rune of Zot
 50836 | Shoals:4 | Identified the +9 ice dragon scales "Loclag" {-Cast rF-
                  | rC++ rN++}
 51106 | Lair:3   | Upgraded the game from 0.30-a0-718-geaa24f58ff to
                  | 0.30-a0-719-gcc4359ea44
 51112 | Lair:3   | Learned a level 5 spell: Arcjolt
 51428 | D:10     | Killed Gastronok
 51429 | D:10     | Reached skill level 1 in Conjurations
 51429 | D:10     | Reached skill level 18 in Summonings
 51934 | D:15     | Received a gift from Nemelex Xobeh
 52495 | D:15     | Found a staircase to the Depths.
 52720 | Spider:1 | Entered Level 1 of the Spider Nest
 52881 | Spider:1 | Received a gift from Nemelex Xobeh
 52882 | Spider:1 | Noticed Donald
 52912 | Spider:1 | Killed Donald
 52913 | Spider:1 | Reached skill level 1 in Translocations
 53418 | Spider:1 | Reached XP level 18. HP: 109/113 MP: 26/30
 53663 | Spider:1 | Identified the +11 flail of the Thirteen Spirits {pain,
                  | rCorr}
 53852 | Spider:1 | Received a gift from Nemelex Xobeh
 53897 | Spider:1 | Noticed Nikola
 54429 | Spider:1 | Paralysed by a floating eye for 2 turns
 54436 | Spider:1 | Paralysed by a floating eye for 4 turns
 54446 | Spider:1 | HP: 5/113 [guardian serpent/bolt of poison (18)]
 55027 | Spider:1 | Noticed Agnes
 55028 | Spider:1 | Agnes changed into Agnes the steelbarb worm
 55028 | Spider:1 | Noticed Agnes
 55032 | Spider:1 | Killed Agnes the steelbarb worm
 55380 | Spider:2 | Reached skill level 5 in Translocations
 55506 | Spider:2 | Received a gift from Nemelex Xobeh
 56144 | Spider:2 | Reached skill level 19 in Summonings
 57384 | Spider:2 | Received a gift from Nemelex Xobeh
 57487 | Spider:2 | Identified the +0 robe "Xuirchos" {Dex+3}
 58149 | Spider:2 | Learned a level 4 spell: Passage of Golubria
 59530 | Spider:3 | Received a gift from Nemelex Xobeh
 59787 | Spider:4 | Entered Level 4 of the Spider Nest
 59791 | Spider:4 | Identified the +0 quarterstaff of Vekyelus {freeze, rF+++
                  | Str+4 Dex+5}
 59802 | Spider:4 | Reached skill level 20 in Summonings
 59802 | Spider:4 | Reached XP level 19. HP: 97/118 MP: 7/31
 60334 | Spider:4 | Received a gift from Nemelex Xobeh
 61402 | Spider:4 | Reached skill level 21 in Summonings
 62670 | Spider:4 | Received a gift from Nemelex Xobeh
 62824 | Spider:4 | Got a gossamer rune of Zot
 62851 | Spider:4 | Learned a level 8 spell: Summon Horrible Things
 63176 | Elf:1    | Entered Level 1 of the Elven Halls
 63182 | Elf:1    | Paralysed by an air elemental for 1 turns
 63187 | Elf:1    | Reached skill level 22 in Summonings
 63255 | Elf:1    | Noticed Jorgrun
 63279 | Elf:1    | Killed Jorgrun
 64001 | Elf:1    | Found an ancient bone altar of Kikubaaqudgha.
 64390 | Elf:2    | Received a gift from Nemelex Xobeh
 64805 | Elf:2    | Found Efroecs's Distillery.
 64814 | Elf:2    | Bought a potion of heal wounds for 80 gold pieces
 65338 | Elf:2    | Paralysed by an air elemental for 1 turns
 65469 | Elf:2    | Reached skill level 1 in Armour
 65515 | Elf:2    | Found a huge runed translucent gate.
 65515 | Elf:2    | Found a huge runed translucent gate.
 65515 | Elf:2    | Found a huge runed translucent gate.
 65515 | Elf:2    | Found a huge runed translucent gate.
 65516 | Elf:2    | Found a huge runed translucent gate.
 65797 | Elf:3    | Entered Level 3 of the Elven Halls
 66186 | Elf:3    | Found Ythof's Magic Scroll Boutique.
 66194 | Elf:3    | Bought a scroll of fear for 56 gold pieces
 66576 | Elf:3    | Received a gift from Nemelex Xobeh
 66928 | Elf:3    | Reached XP level 20. HP: 103/124 MP: 18/33
 66930 | Elf:3    | Noticed a Brimstone Fiend
 67114 | Elf:3    | Identified the amulet "Emefahes" {Spirit rPois rCorr
                  | Stlth+}
 67128 | Elf:3    | Reached skill level 5 in Armour
 67237 | Elf:3    | Noticed a Tzitzimitl
 67238 | Elf:3    | Identified the +9 halberd "Biacvoc" {flame, rElec rF- SInv}
 67979 | Elf:3    | Learned a level 7 spell: Malign Gateway
 67984 | Elf:3    | Identified the ring of Sean {rC+ Str+6 Int+2}
 67984 | Elf:3    | Identified the ring of the Albatross {rElec Int+6 Dex+4}
 68104 | Elf:3    | HP: 1/124 [poisoned by a deep elf annihilator (poison
                  | arrow)]
 68510 | Elf:3    | Identified the +9 war axe "Ufrivigi" {venom, rPois rN++
                  | rCorr Int-5}
 69222 | Elf:3    | Identified the +5 short sword of World's End {drain, Fly
                  | rC- rN+ Dex+5}
 69715 | Depths:1 | Entered Level 1 of the Depths
 70057 | Depths:1 | Received a gift from Nemelex Xobeh
 70102 | Depths:1 | Noticed Asterion
 70106 | Depths:1 | Killed Asterion
 71119 | Depths:1 | Found a stormy altar of Qazlal.
 71380 | Depths:1 | Received a gift from Nemelex Xobeh
 71618 | Depths:1 | Found a one-way gate leading to the halls of Pandemonium.
 71986 | Depths:1 | Reached skill level 10 in Translocations
 72245 | Depths:1 | Noticed Frederick
 72254 | Depths:1 | Killed Frederick
 72264 | Depths:1 | Paralysed by something for 3 turns
 72269 | Depths:1 | Mangled by a vampire knight

Illustrated notes

Levels and vault maps discovered:
D:1:      psy_arrival_dodecagon, layout_basic, serial_forest,
          infiniplex_forest_lined_room_2, infiniplex_forest_pool,
          infiniplex_forest_straight_3, infiniplex_forest_clump_small,
          infiniplex_forest_lined_3, infiniplex_forest_clump_double,
          infiniplex_forest_lined_3, infiniplex_forest_lined_1
D:2:      layout_loops_ring, nicolae_ecumenical_oubliette, basic_altar,
          chequers_serial_rivers_room_a
D:3:      kennysheep_big_flooded_room, layout_rooms,
          nicolae_dithmenos_the_darkroom
D:4:      layout_rooms, led_sif_pool, nicolae_gozag_zags_fifth_avenue,
          minmay_temple_entry_glassed_door, nicolae_ossuary_entry_giza,
          hangedman_feature_mirror
D:5:      layout_basic, grunt_temple_overflow_bloody_war,
          gammafunk_ghost_abyssal_escape, chequers_decorated_corner
D:6:      layout_basic, gammafunk_temple_of_torment, grunt_temple_overflow_open,
          uniq_pikel, uniq_grinder
D:7:      layout_cave_pools, elyvilon_altar_1, grunt_ogre_cave,
          minmay_misc_feat_iff
D:8:      layout_loops_ring, mainiacjoe_overflow_catwalk
D:9:      layout_stronghold, serial_shops, nicolae_shop_stone,
          dreamdust_gnoll_shepherd
D:10:     layout_irregular_city, mainiacjoe_overflow_paths,
          minmay_lair_entry_grove, hellmonk_ghost_happy_afterlife, uniq_psyche
D:11:     layout_basic, orc_0_dummy, uniq_maurice, uniq_gastronok
D:12:     layout_cave_pools, gammafunk_ghost_arena,
          hangedman_abyss_or_decor_stabs, ashenzari_altar_1
D:13:     layout_layer_cave, gammafunk_ghost_mausoleum, uniq_kirke
D:14:     layout_cave_pods, david_vaults_3, minivault_4, uniq_louise
D:15:     grunt_enter_depths_magical_seal, layout_loops_cross,
          dk_noncrumbling_3, gauntlet_entry_generic,
          nicolae_shop_overcharged_wands
Temple:   hellmonk_temple_micro_hex
Lair:1:   layout_chaotic_city, uniq_maggie
Lair:2:   layout_loops_ring, spider_nest_entry_a
Lair:3:   layout_long_grid, minmay_shoals_entry_hut, beast_lair_carwin_2
Lair:4:   layout_layer_cave, portal_ice_cave_entry_imps,
          nzn_masters_of_martial_movement, infiniplex_staircase_pool,
          grunt_megastairs_2
Lair:5:   minmay_lair_end_frog_pond, layout_cave_pods, slime_entry_1,
          uniq_josephine
Shoals:1: argonaut_golden_fleece, layout_shoals, ebering_ghost_reflecting_pool,
          serial_shops, shop
Shoals:2: layout_shoals, nicolae_shoals_undead_eyrie
Shoals:3: layout_shoals
Shoals:4: shoals_end_grunt_ice, layout_shoals, nicolae_shoals_loop_pool
Spider:1: layout_chambers, nicolae_spider_scorpion_nest,
          hangedman_spider_tarantella_strand, uniq_agnes, uniq_nikola,
          uniq_donald
Spider:2: layout_spider_delve
Spider:3: layout_spider_delve, drop_trap, nicolae_orb_island
Spider:4: floodkiller_spider_rune_tomb
Orc:1:    layout_caves, uniq_snorg
Orc:2:    st_orc_rangers, layout_caves, nicolae_orc_lava_room
Elf:1:    nicolae_elf_arrival_aired_out, layout_rooms, basic_altar,
          hangedman_elf_disciples, uniq_jorgrun
Elf:2:    elven_hall_of_blades_hangedman_alternative
          [nooodl_blade_entry_preview], layout_onion_city, serial_shops,
          nicolae_shop_statue_plus, uniq_zenata
Elf:3:    elf_hall_gauntlet_narrow, layout_geoelf_castle, serial_shops, shop,
          st_stairs_8, amethyst_killhole
Depths:1: minmay_quantized_circle, layout_cave_shapes, grunt_mini_vestibule,
          special_room [special_room_magic_class], rand_demon_pan_entry_7,
          grunt_qazlal_sundering, uniq_asterion

Skill      XL: |  1  2  3  4  5  6  7  8  9 10 11 12 13 14 15 16 17 18 19 20 |
---------------+-------------------------------------------------------------+-----
Summonings     | 5 6 7 8 9 10 12 13 16 17 18 20 22 | 22.5
Air Magic      | 4 8 9 11 | 11.2
Dodging        | 6 10 12 13 | 13.9
Invocations    | 1 5 7 9 10 11 | 11.0
Fighting       | 3 6 9 12 | 12.6
Ice Magic      | 2 5 8 |  8.0
Polearms       | 5 |  5.1
Spellcasting   | 6 7 8 9 |  9.2
Shields        | 9 12 | 12.1
Conjurations   | 3 |  3.0
Translocations | 2 8 10 | 10.2
Armour         | 4 9 |  9.7
Stealth        | |  2.0

Action                     |  1- 3 |  4- 6 |  7- 9 | 10-12 | 13-15 | 16-18 | 19-21 || total
---------------------------+-------+-------+-------+-------+-------+-------+-------++-------
  Melee: Unarmed           |     5 |       |       |       |       |       |       ||     5
         Kick              |    17 |    15 |    19 |    29 |   129 |    79 |    36 ||   324
         Short sword       |    44 |    25 |       |       |       |       |       ||    69
         Peck              |     6 |     6 |    19 |    19 |    89 |    52 |    23 ||   214
         Whip              |       |    28 |    58 |       |       |       |       ||    86
         Punch             |       |       |     2 |     2 |     1 |     1 |       ||     6
         Halberd           |       |       |    20 |     5 |       |       |       ||    25
         Trident           |       |       |       |   152 |   478 |    52 |       ||   682
         Falchion          |       |       |       |       |       |    16 |     4 ||    20
         Eveningstar       |       |       |       |       |       |   115 |    79 ||   194
   Cast: Summon Small Mamm |    42 |    50 |    66 |    13 |     1 |       |       ||   172
         Call Imp          |    10 |    23 |    28 |    12 |     2 |       |       ||    75
         Call Canine Famil |       |     2 |    25 |    56 |   106 |   109 |    26 ||   324
         Summon Lightning  |       |       |    13 |    68 |   147 |   195 |    52 ||   475
         Summon Ice Beast  |       |       |       |       |   105 |    20 |     2 ||   127
         Vhi's Electric Ch |       |       |       |       |     2 |       |       ||     2
         Summon Cactus Gia |       |       |       |       |    30 |   193 |   104 ||   327
         Monstrous Menager |       |       |       |       |     1 |    48 |   122 ||   171
         Arcjolt           |       |       |       |       |       |     2 |       ||     2
         Passage of Golubr |       |       |       |       |       |     3 |     7 ||    10
         Summon Horrible T |       |       |       |       |       |       |     4 ||     4
         Malign Gateway    |       |       |       |       |       |       |     7 ||     7
 Invoke: Draw Destruction  |       |       |       |     7 |    25 |    21 |     7 ||    60
         Draw Escape       |       |       |       |     1 |     2 |       |       ||     3
         Draw Summoning    |       |       |       |       |     1 |     3 |     1 ||     5
         Triple Draw       |       |       |       |       |     1 |       |     1 ||     2
         Deal Four         |       |       |       |       |     3 |     3 |     3 ||     9
         Stack Five        |       |       |       |       |       |       |     1 ||     1
         Draw Stack        |       |       |       |       |       |       |     1 ||     1
  Evoke: Wand              |       |       |     2 |       |     2 |    13 |     5 ||    22
         Phantom mirror    |       |       |       |       |       |     1 |       ||     1
    Use: Potion            |     1 |       |     1 |       |     7 |     7 |     4 ||    20
         Scroll            |     3 |    12 |     4 |    11 |    13 |     4 |    10 ||    57
   Stab: Distracted        |       |     1 |     3 |    15 |    21 |     3 |     3 ||    46
         Sleeping          |       |       |     1 |       |     1 |       |       ||     2
         Invisible         |       |       |       |       |     3 |       |       ||     3
         Paralysed         |       |       |       |       |       |       |     3 ||     3
         Confused          |       |       |       |       |       |       |     1 ||     1
 Armour: Robe              |    10 |     9 |    12 |       |       |       |       ||    31
         Steam dragon scal |       |       |     8 |    33 |    83 |   213 |    92 ||   429
  Dodge: Dodged            |    41 |    53 |    60 |   274 |   807 |   616 |   259 ||  2110
  Block: Other             |       |       |       |    36 |   189 |    17 |       ||   242
         Reflection        |       |       |       |       |    24 |    46 |     8 ||    78
         Kite shield       |       |       |       |       |       |   481 |   216 ||   697

Table legend: (Time is in decaauts)
 A = Elapsed time spent in this place.
 B = Non-inter-level travel time spent in this place.
 C = Inter-level travel time spent in this place.
 D = Time resting spent in this place.
 E = Time spent auto-exploring this place.
 F = Levels seen in this place.
 G = Mean time per level.
                   A        B        C        D        E       F      G
               +--------+--------+--------+--------+--------+-----+--------+
         Total |  69621 |  61680 |   7941 |  27661 |  17343 |  38 | 1832.1 |
       Dungeon |  21411 |  18238 |   3173 |   6309 |   7425 |  15 | 1427.4 |
        Temple |      5 |      5 |      0 |      0 |      4 |   1 |    5.0 |
          Lair |  10855 |   9487 |   1368 |   4437 |   3081 |   5 | 2171.0 |
        Shoals |  12730 |  11807 |    923 |   7214 |   1896 |   4 | 3182.5 |
   Spider Nest |   9913 |   8891 |   1022 |   3877 |   2169 |   4 | 2478.2 |
  Orcish Mines |   3504 |   2874 |    630 |   1414 |    578 |   2 | 1752.0 |
   Elven Halls |   5786 |   5105 |    681 |   2301 |   1366 |   3 | 1928.7 |
        Depths |   1511 |   1371 |    140 |    410 |    380 |   1 | 1511.0 |
       Ossuary |    641 |    641 |      0 |    118 |     32 |   1 |  641.0 |
      Ice Cave |   2345 |   2345 |      0 |   1320 |    154 |   1 | 2345.0 |
      Gauntlet |    914 |    914 |      0 |    257 |    254 |   1 |  914.0 |
               +--------+--------+--------+--------+--------+-----+--------+

Top non-repeatable levels by time:
Shoals:3: 4187 daAuts
Shoals:4: 3564 daAuts
Spider:1: 3072 daAuts
  Lair:5: 3050 daAuts
   Elf:3: 2957 daAuts
    D:13: 2867 daAuts
Spider:4: 2649 daAuts
Shoals:1: 2592 daAuts
  Lair:4: 2551 daAuts
Shoals:2: 2386 daAuts
   IceCv: 2345 daAuts
  Lair:3: 2214 daAuts
    D:10: 2184 daAuts
Spider:2: 2170 daAuts
   Orc:2: 2044 daAuts
